Map: Persephone LE

Players

ManlyManMeat

  • Race: Zerg Zerg
  • League: Platinum
  • Spawn Location: 7:00

VOD

Have the link to the VOD?

Description

Time

  • Played on: June 22, 2025, 5:03 a.m.
  • Length: 12:33
Show
View Real Time Build Order
Export as new Build Order

ManlyManMeat Zerg 

Build Orders:  

Get SALT Encoding   

  12  0:00  Drone  
  13  0:12  Drone  
  14  0:21  Drone, Extractor  
  15  0:31  Overlord  
  15  0:57  Drone  
  16  1:04  Hatchery  
  16  1:08  Drone  
  16  1:13  Drone  
  16  1:19  Drone  
  18  1:33  Extractor  
  17  1:41  Spawning Pool  
  17  1:45  Drone  
  17  1:50  Drone  
  18  2:00  Drone  
  19  2:15  Drone  
  20  2:46  Queen x2  
  20  2:48  Zergling x4  
  26  2:52  Overlord  
  26  2:59  Drone  
  27  3:01  Drone  
  28  3:20  Drone x2  
  30  3:35  Drone x2  
  32  3:47  Hatchery  
  31  3:51  Drone  
  31  3:52  Drone  
  33  4:03  Metabolic Boost  
  33  4:06  Drone x2  
  35  4:22  Overlord x2  
  35  4:34  Drone  
  36  4:47  Queen  
  38  4:50  Drone x3  
  38  4:51  Drone x3  
  44  5:10  Extractor  
  44  5:17  Drone x3  
  44  5:18  Drone  
  44  5:19  Overlord  
  33  5:20  Overlord  
  47  5:30  Drone x2  
  47  5:37  Pneumatized Carapace  
  49  5:43  Drone x3  
  49  5:44  Drone x2, Extractor  
  53  5:54  Queen  
  53  5:56  Queen  
  57  6:03  Drone x4  
  57  6:04  Drone x4  
  65  6:15  Baneling Nest  
  64  6:21  Drone x3  
  64  6:23  Drone, Evolution Chamber  
  64  6:24  Evolution Chamber  
  66  7:00  Lair  
  66  7:01  Zergling x16  
  66  7:04  Overlord x2  
  66  7:05  Overlord  
  74  7:10  Zerg Melee Weapons Level 1  
  74  7:35  Drone x2  
  74  7:36  Drone  
  77  7:47  Drone x3  
  80  7:51  Drone x2  
  80  7:52  Drone  
  83  8:02  Hatchery  
  83  8:08  Baneling x2  
  83  8:09  Baneling x2  
  82  8:10  Zergling x4  
  82  8:11  Zergling x10  
  89  8:20  Hatchery  
  88  8:31  Zergling x6  
  91  8:49  Baneling  
  91  8:50  Baneling x4  
  91  8:58  Overlord x2  
  91  8:59  Overlord x4  
  91  9:00  Overlord  
  91  9:18  Zergling x2  
  91  9:19  Zergling x12  
  98  9:55  Extractor  
  98  9:56  Drone  
  98  9:57  Drone x3, Extractor  
  98  9:58  Drone x4  
  98  9:59  Drone x2  
  105  10:12  Unknown  
  101  11:00  Drone x2  
  101  11:01  Drone  
  101  11:02  Drone x3  
  101  11:07  Infestation Pit  
  106  11:10  Baneling x8  
  106  11:11  Baneling  
  106  11:26  Drone  
  106  11:27  Drone x2  
  106  11:29  Extractor  
  108  11:31  Drone x3, Extractor  
  108  11:32  Drone  
  108  11:33  Drone x2  
  108  11:39  Extractor  
  112  11:42  Drone x2  
  112  11:43  Drone  
Tags
 
League
Platinum
Matchup
Co-op
Replay Pack
Myownreplay2
Add a new tag
Caveats
  • Supply blocks, unpowered buildings, or Contaminate may cause inaccurate times.
  • Supply counts are checked every 10 seconds.